Map: Odyssey LE

Players

Namshar - Winner!

  • Race: Zerg Zerg
  • Spawn Location: 11:00

Zanster

  • Race: Zerg Zerg
  • Spawn Location: 5:00

Event: WCS Jonkoping 2017

VOD

Have the link to the VOD?

Description

Time

  • Played on: June 17, 2017, 1:44 p.m.
  • Length: 11:43

All games in this series

Show
View Real Time Build Order
Export as new Build Order

Namshar Zerg - Winner!

Build Orders: Hatch First 

Get SALT Encoding   

  12  0:00  Drone  
  13  0:12  Overlord  
  13  0:16  Drone  
  14  0:30  Drone x2  
  14  0:34  Drone  
  17  0:52  Hatchery  
  17  0:54  Drone  
  17  0:57  Drone  
  18  1:09  Extractor  
  17  1:13  Spawning Pool  
  17  1:15  Drone  
  17  1:19  Drone  
  18  1:27  Drone  
  19  1:38  Overlord  
  19  1:59  Queen  
  19  2:00  Zergling x4  
  23  2:03  Queen, Zergling x2  
  26  2:10  Drone  
  26  2:12  Spine Crawler  
  26  2:14  Drone  
  27  2:24  Drone  
  27  2:25  Drone  
  29  2:35  Queen  
  31  2:39  Drone  
  31  2:42  Overlord  
  32  2:44  Drone  
  33  3:01  Drone x2  
  33  3:02  Drone  
  35  3:09  Drone  
  35  3:10  Drone x4  
  40  3:15  Drone x3  
  43  3:23  Drone  
  43  3:26  Overlord  
  42  3:30  Overlord  
  42  3:34  Evolution Chamber, Lair  
  42  3:35  Drone  
  42  3:39  Roach Warren  
  41  3:45  Drone  
  41  3:46  Drone x3  
  41  3:48  Extractor  
  44  3:49  Extractor, Drone x3  
  44  3:51  Drone  
  47  4:00  Drone, Zerg Missile Weapons Level 1  
  47  4:02  Drone  
  49  4:09  Evolution Chamber  
  48  4:16  Overlord  
  48  4:19  Roach  
  48  4:20  Roach x3  
  56  4:27  Roach  
  58  4:34  Hatchery, Overlord x2  
  57  4:38  Zerg Ground Armor Level 1  
  57  4:45  Drone  
  57  4:48  Extractor  
  57  4:50  Drone x3  
  57  4:51  Overlord  
  57  4:52  Overlord  
  60  4:58  Roach  
  60  4:59  Roach  
  64  5:03  Overseer  
  64  5:05  Glial Reconstitution  
  64  5:09  Overlord  
  64  5:40  Drone x3  
  65  5:47  Drone x2  
  65  5:48  Drone x6  
  73  5:51  Overseer  
  73  5:53  Overlord  
  75  6:00  Zerg Missile Weapons Level 2  
  75  6:01  Queen  
  73  6:04  Drone  
  73  6:05  Drone x2  
  73  6:09  Overlord x2  
  76  6:11  Roach  
  76  6:12  Roach x2  
  76  6:17  Roach x2  
  76  6:18  Roach x2  
  90  6:23  Overlord  
  90  6:24  Tunneling Claws  
  90  6:25  Burrow  
  90  6:33  Drone x4  
  90  6:34  Overlord  
  90  6:35  Zerg Ground Armor Level 2  
  90  6:36  Roach x2  
  100  6:40  Roach x2  
  100  6:45  Roach x3  
  108  6:52  Roach  
  108  6:53  Roach  
  108  7:00  Roach  
  108  7:01  Roach x4  
  116  7:05  Queen  
  116  7:08  Overlord  
  116  7:12  Drone  
  116  7:13  Extractor  
  116  7:14  Drone x3  
  119  7:19  Drone  
  120  7:27  Hatchery, Drone x2  
  122  7:30  Drone  
  122  7:31  Hydralisk Den  
  121  7:49  Extractor, Drone x3  
  123  7:52  Spore Crawler  
  123  7:53  Spore Crawler  
  123  7:54  Spore Crawler, Drone  
  123  7:56  Roach x9  
  139  8:01  Queen  
  140  8:06  Roach x3  
  140  8:08  Spore Crawler, Roach x3  
  140  8:09  Spore Crawler  
  140  8:10  Spore Crawler x2  
  140  8:12  Roach  
  135  8:13  Roach x2  
  135  8:14  Drone x4  
  135  8:16  Roach x13  
  135  8:17  Drone x3  
  135  8:18  Drone  
  137  8:21  Drone x2  
  137  8:26  Roach x3  
  132  8:28  Roach x3  
  131  8:35  Hydralisk  
  131  8:36  Hydralisk x4, Muscular Augments  
  131  8:40  Hydralisk  
  139  8:47  Hydralisk x3  
  137  8:58  Hydralisk  
  137  8:59  Hydralisk x3  
  145  9:03  Roach  
  145  9:06  Drone x2  
  145  9:09  Hydralisk  
  147  9:11  Overlord x2  
  149  9:19  Hydralisk  
  149  9:20  Spore Crawler  
  150  9:36  Hydralisk x7  
  156  9:43  Hydralisk x2  
  156  9:44  Hydralisk  
  154  9:53  Roach x8  
  154  9:56  Roach x3  
  146  10:00  Hydralisk x9  
  146  10:06  Hydralisk  
  152  10:07  Roach x7  
  148  10:19  Hydralisk x3  
  154  10:26  Roach  
  144  10:29  Hydralisk  
  144  10:30  Roach x4  
  138  10:38  Roach x3  
  138  10:39  Roach  
  138  10:40  Roach  
  138  10:41  Overlord x2  
  138  10:42  Overlord x3  
  146  10:50  Roach x6  
  146  10:51  Roach x5  
  154  11:04  Roach x5  
  154  11:05  Roach x5  
Show
View Real Time Build Order
Export as new Build Order

Zanster Zerg 

Build Orders: Hatch First, Muta Ling Bane 

Get SALT Encoding   

  12  0:01  Drone  
  13  0:13  Overlord  
  13  0:17  Drone  
  14  0:31  Drone x2  
  17  0:35  Drone  
  17  0:52  Drone  
  17  0:55  Hatchery  
  17  0:58  Drone  
  18  1:07  Extractor, Drone  
  18  1:16  Spawning Pool  
  18  1:18  Drone  
  18  1:29  Drone  
  20  1:40  Drone  
  20  1:50  Overlord  
  20  2:03  Queen  
  20  2:07  Queen, Zergling x2  
  20  2:08  Zergling x2, Metabolic Boost  
  26  2:13  Spine Crawler  
  25  2:17  Drone  
  25  2:19  Drone  
  27  2:31  Drone x2  
  27  2:33  Baneling Nest  
  27  2:34  Drone  
  29  2:41  Drone  
  31  2:45  Zergling x2  
  31  2:49  Overlord  
  32  2:57  Overlord  
  31  3:10  Zergling x2  
  32  3:15  Drone x7  
  32  3:16  Drone  
  40  3:25  Hatchery, Zergling x2  
  39  3:28  Baneling x2  
  39  3:31  Zergling x2  
  40  3:40  Drone  
  41  3:41  Evolution Chamber  
  41  3:44  Overlord  
  40  3:51  Drone  
  40  3:53  Drone  
  40  3:54  Drone  
  43  3:59  Drone  
  43  4:01  Lair  
  43  4:02  Overlord  
  43  4:03  Drone x4  
  43  4:06  Extractor  
  43  4:07  Extractor  
  43  4:08  Drone  
  43  4:09  Drone  
  47  4:15  Drone  
  48  4:17  Extractor  
  48  4:18  Overlord  
  47  4:25  Drone  
  48  4:32  Drone x6  
  48  4:33  Drone  
  48  4:37  Overlord  
  55  4:41  Zerg Ground Armor Level 1  
  54  4:51  Hatchery  
  54  4:52  Zergling x2  
  54  4:53  Zergling x6  
  54  4:58  Queen  
  59  5:06  Drone x2  
  60  5:10  Overlord  
  60  5:21  Zergling x18  
  69  5:29  Overlord  
  69  5:31  Zergling x2  
  69  5:34  Overlord  
  69  5:37  Zergling x6  
  69  5:38  Zergling x6  
  75  5:43  Zergling x2  
  75  5:44  Zergling x2  
  75  5:47  Zergling x2  
  75  5:48  Spire  
  76  5:56  Zergling x2  
  76  5:57  Zergling x10  
  81  6:05  Overlord  
  81  6:08  Zergling x6  
  83  6:15  Zergling x8  
  87  6:22  Zergling x2  
  87  6:23  Zergling x2  
  87  6:25  Overlord  
  89  6:37  Zerg Melee Weapons Level 1  
  89  6:40  Drone x10  
  95  6:52  Overlord  
  85  6:56  Zergling x2  
  85  6:57  Zergling x18  
  82  7:02  Mutalisk x2  
  82  7:05  Mutalisk  
  82  7:06  Mutalisk x2  
  82  7:07  Mutalisk  
  86  7:10  Extractor x2  
  86  7:12  Zerg Flyer Weapons Level 1  
  86  7:14  Mutalisk x2  
  88  7:17  Mutalisk  
  88  7:19  Mutalisk  
  88  7:20  Mutalisk x2  
  96  7:24  Mutalisk  
  96  7:27  Overlord  
  98  7:33  Overseer  
  98  7:38  Drone x5  
  98  7:43  Drone x4  
  106  7:47  Zergling x12  
  112  7:51  Infestation Pit  
  112  7:52  Overlord  
  112  7:57  Overseer  
  112  7:58  Overseer  
  111  8:06  Mutalisk x3  
  111  8:08  Zergling x16  
  121  8:24  Mutalisk  
  121  8:25  Mutalisk x2  
  125  8:28  Drone  
  125  8:29  Drone x2  
  125  8:32  Overlord  
  123  8:38  Hive  
  123  8:39  Zergling x8  
  118  8:45  Hatchery, Drone x3  
  117  8:51  Overseer  
  117  8:52  Pneumatized Carapace  
  117  8:54  Drone x2  
  117  8:55  Drone  
  115  8:59  Drone x3  
  115  9:01  Drone  
  115  9:02  Drone  
  118  9:04  Drone  
  118  9:05  Drone  
  118  9:06  Drone  
  121  9:11  Drone  
  121  9:12  Drone x3  
  121  9:17  Zerg Flyer Weapons Level 2  
  125  9:20  Centrifical Hooks  
  125  9:25  Overseer  
  125  9:30  Zergling x12  
  131  9:33  Overlord  
  131  9:36  Zergling x6  
  126  9:43  Mutalisk x2  
  126  9:44  Mutalisk  
  130  9:46  Mutalisk  
  129  9:55  Mutalisk  
  129  9:56  Mutalisk x3  
  133  10:01  Queen  
  133  10:06  Mutalisk x2  
  128  10:10  Overseer  
  128  10:15  Zergling x18  
  128  10:16  Zergling x4  
  117  10:30  Drone x5  
  117  10:41  Ultralisk Cavern  
  116  10:45  Overseer  
  116  10:48  Drone x2  
  116  10:49  Drone x2  
  120  10:54  Hatchery  
  120  10:56  Mutalisk  
  119  10:59  Baneling x2  
  119  11:00  Baneling  
  120  11:04  Zergling x2  
  120  11:05  Zergling x6  
  120  11:08  Baneling  
  120  11:09  Baneling x10  
  123  11:12  Zergling x6  
Tags
 
Add a new tag
Caveats
  • Supply blocks, unpowered buildings, or Contaminate may cause inaccurate times.
  • Supply counts are checked every 10 seconds.